 Dungeon Crawl Stone Soup version 0.30.0-17-ge0270778cf (webtiles) character file.

Game seed: 17652897119939826349

18 RascalDebosk the Magician (level 2, -3/21 HPs)
             Began as a Djinni Summoner on May 21, 2023.
             Frozen to death by an endoplasm (7 damage)
             ... on level 1 of the Dungeon.
             The game lasted 00:02:48 (218 turns).

RascalDebosk the Magician (Djinni Summoner)          Turns: 218, Time: 00:02:49

Health: -3/21      AC:  2    Str:  7    XL:     2   Next: 85%
Gold:   0          EV: 12    Int: 22    God:
                   SH:  0    Dex: 13

rFire   + + .        s - +0 dagger
rCold   x . .        (no shield)
rNeg    . . .        a - +0 robe
rPois   ∞            (no helmet)
rElec   .            (no cloak)
rCorr   .            (no gloves)
SInv    .            (boots unavailable)
Will    .....        (no amulet)
Stlth   ++           d - +6 ring of intelligence
HPRegen 0.23/turn    (no ring)
MPRegen 0.00/turn

%: infuse magic (-4 HP)
@: flying
A: sickness immunity, fire resistance 2, cold vulnerability 1, float, innate
caster, HP casting, extra vitality 1
a: no special abilities


You were on level 1 of the Dungeon.
You visited 1 branch of the dungeon, and saw 1 of its levels.

Inventory:

Hand Weapons
 s - a +0 dagger (weapon)
Armour
 a - a +0 robe (worn)
Jewellery
 d - a +6 ring of intelligence (left hand)
Scrolls
 b - a scroll of immolation {unknown}
 c - a scroll of vulnerability {unknown}


   Skills:
 - Level 2.1 Dodging
 - Level 1.5 Stealth
 * Level 3.8 Spellcasting


You knew the following spells:

 Your Spells              Type           Power      Damage    Failure   Level
a - Summon Small Mammal   Summ           84%        N/A       2%          1
b - Call Imp              Summ           42%        N/A       3%          2
c - Call Canine Familiar  Summ           21%        N/A       7%          3
d - Summon Guardian Gole  Hex/Summ       21%        N/A       7%          3
e - Summon Lightning Spi  Summ/Air       21%        N/A       24%         4
Your spell library was empty.

Dungeon Overview and Level Annotations

Branches:
Dungeon (1/15)

Altars:


Innate Abilities, Weirdness & Mutations

You are immune to sickness and miasma.
You are immune to poison.
Your flesh is very heat resistant. (rF++)
You are vulnerable to cold. (rC-)
You float through the air rather than walking.
You learn spells naturally, not from books.
Your magical power is your life essence.
You have superior vitality. (+4 MHP)


Message History

d - a +6 ring of intelligence (left hand)
A bat comes into view.
Casting: Summon Small Mammal (safe; 2% risk of failure)
Confirm with . or Enter, or press ? or * to list all spells.
Casting: Summon Small Mammal (safe; 2% risk of failure)
Confirm with . or Enter, or press ? or * to list all spells.
The bat closely misses your quokka. The bat barely misses your quokka.
Your quokka closely misses the bat.
A dart slug comes into view.
The bat hits your quokka but does no damage.
The bat hits your quokka. The bat closely misses your quokka.
Your quokka barely misses the bat.
The bat closely misses your quokka. The bat barely misses your quokka.
The bat misses your quokka.
Your quokka barely misses the bat.
Your quokka bites the bat.
The bat dies!
Your rat bites the dart slug but does no damage.
Your quokka completely misses the dart slug.
Your rat bites the dart slug.
You hit the dart slug.
The dart slug is moderately wounded.
Your quokka bites the dart slug.
You hit the dart slug.
The dart slug is heavily wounded.
Your quokka bites the dart slug.
The dart slug closely misses you.
Your rat bites the dart slug.
The dart slug dies!
A ball python comes into view.
Found 15 gold pieces.
Your quokka bites the ball python!
The ball python dies!
You swap places.
Found a ring mail.
You swap places.
A rat comes into view.
Found a cabochon ring.
An endoplasm and a hobgoblin come into view.
Found a scroll labelled VAZAUT TOREFF.
Your quokka disappears in a puff of smoke!
The rat bites you.
You closely miss the rat. The rat completely misses you.
You hit the rat.
The rat is heavily wounded.
The rat barely misses you.
You closely miss the rat.
The rat is heavily wounded.
The rat misses you.
You hit the rat but do no damage.
The rat is heavily wounded.
The hobgoblin shouts!
The endoplasm quivers.
The rat closely misses you.
You hit the rat.
You kill the rat!
Your rat disappears in a puff of smoke!
You see here a rat corpse.
The hobgoblin barely misses you. The endoplasm closely misses you.
You barely miss the hobgoblin. The hobgoblin closely misses you.
The endoplasm hits you but does no damage.
You barely miss the hobgoblin. The hobgoblin misses you.
The endoplasm barely misses you.
You closely miss the hobgoblin. The hobgoblin barely misses you.
The endoplasm freezes you.
You are frozen.
You feel a terrible chill!
You barely miss the hobgoblin. The hobgoblin barely misses you.
The endoplasm misses you.
You hit the hobgoblin but do no damage. The hobgoblin closely misses you.
The endoplasm completely misses you.
You closely miss the hobgoblin. The hobgoblin completely misses you.
The endoplasm hits you.
You barely miss the hobgoblin. The hobgoblin barely misses you.
The endoplasm misses you.
You closely miss the hobgoblin. The hobgoblin hits you. The endoplasm hits you.
* * * LOW HITPOINT WARNING * * *
The hobgoblin hits you but does no damage.
Casting: Summon Small Mammal (safe; 2% risk of failure)
Confirm with . or Enter, or press ? or * to list all spells.
* * * LOW HITPOINT WARNING * * *
The hobgoblin misses you.
The endoplasm hits you but does no damage.
Casting: Summon Small Mammal (safe; 2% risk of failure)
Confirm with . or Enter, or press ? or * to list all spells.
* * * LOW HITPOINT WARNING * * *
Your bat barely misses the hobgoblin.
Your bat barely misses the endoplasm.
The hobgoblin barely misses you. The endoplasm freezes you.
You are frozen.
You feel a terrible chill!
* * * LOW HITPOINT WARNING * * *
Your bat barely misses the endoplasm.
Your rat bites the endoplasm.
You hit the endoplasm but do no damage.
The endoplasm is lightly wounded.
Your bat hits the endoplasm. The hobgoblin misses you.
You barely miss the hobgoblin. The hobgoblin closely misses you.
Your rat barely misses the endoplasm.
You barely miss the hobgoblin. You punch the hobgoblin.
The hobgoblin is heavily wounded.
Your bat hits the hobgoblin but does no damage.
Your bat barely misses the hobgoblin.
The hobgoblin hits you but does no damage.
The endoplasm freezes you.
You are frozen!
You feel a terrible chill!
You die...

#########
#.......#
#.......#
#.b.....#
#@g.....#
#.J.....#
#=.r....#
#..†....#
###.#$#######
###............
......[#.######
#
####...##.#..#
##. ##. ....##
#....##....


You could see an endoplasm (ally target), a hobgoblin (ally target), a friendly
bat (summoned) and a friendly rat (summoned).

Vanquished Creatures
  A jackal (D:1)
  A rat (D:1)
2 creatures vanquished.

Vanquished Creatures (collateral kills)
  A dart slug (D:1)
  A bat (D:1)
  2 endoplasms (D:1)
  A giant cockroach (D:1)
  A goblin (D:1)
  3 jackals (D:1)
  A ball python (D:1)
  A kobold (D:1)
  A rat (D:1)
12 creatures vanquished.

Grand Total: 14 creatures vanquished

Notes
Turn   | Place    | Note
-------+----------+-------------------------------------------
     0 | D:1      | RascalDebosk the Djinni Summoner began the quest for the
                  | Orb.
     0 | D:1      | RascalDebosk set off with the following spells memorised:
                  | Summon Small Mammal, Call Imp, Call Canine Familiar, Summon
                  | Guardian Golem, Summon Lightning Spire.
     0 | D:1      | Reached XP level 1. HP: 15/15 MP: 0/0
    80 | D:1      | Reached XP level 2. HP: 21/21 MP: 0/0
   218 | D:1      | Frozen to death by an endoplasm

Illustrated notes

Levels and vault maps discovered:
D:1:      wander_arrival_desolate, layout_rooms, dk_noncrumbling_3

Action                     || total
---------------------------++-------
  Melee: Dagger            ||    23
         Punch             ||     1
   Cast: Summon Small Mamm ||    16
 Armour: Robe              ||     7
  Dodge: Dodged            ||    34
